 Dungeon Crawl Stone Soup version 0.22.1-1-ga44c0e5 (webtiles) character file.

895111 dvd the Conqueror (level 27, -2/273 HPs)
             Began as a Hill Orc Gladiator on Oct 7, 2018.
             Was the Champion of the Shining One.
             Killed from afar by Cerebov (85 damage)
             ... with an iron shot
             ... in Pandemonium on Oct 9, 2018.
             The game lasted 05:48:07 (72895 turns).

dvd the Conqueror (Hill Orc Gladiator)             Turns: 72895, Time: 05:48:07

Health: -2/273     AC: 34    Str: 27    XL:     27
Magic:  14/36      EV: 23    Int: 24    God:    the Shining One [******]
Gold:   4273       SH: 47    Dex: 26    Spells: 38/54 levels left

rFire    + + +     SeeInvis .   b - +9 broad axe (holy)
rCold    + + +     Gourm    .   m - +6 large shield {rPois}
rNeg     + + +     Faith    .   V - +0 crystal plate armour of a bailey {Regen+ Str+2 Int+4 Dex+2}
rPois    +         Spirit   .   q - +2 hat {MR+}
rElec    +         Reflect  .   v - scarf {cloud immunity}
rCorr    +         Harm     .   Q - +0 pair of gloves of Repulsion {rCorr Str+2}
MR       +++..     Rnd*Rage +   d - +2 pair of boots {run}
Stlth    ..........             K - amulet "Bugiduv" {rElec rF+ rC+ Regen+ Stlth+}
HPRegen  1.35/turn              t - ring "Qoqo" {*Contam rElec EV+3 Int+7}
MPRegen  0.25/turn              s - ring "Tiussafurph" {+Fly rF+ rC++ Int+5 Stlth-}

@: agile, divine shield, glowing, quick
A: horns 1, talons 1, thin skeletal structure 1, berserk 1, clumsy 1, fire
resistance 1, low mp 1, sense surroundings 1
}: 8/15 runes: serpentine, barnacled, slimy, silver, abyssal, demonic, glowing,
dark
a: Divine Shield, Cleansing Flame, Summon Divine Warrior, Renounce Religion,
Evoke Flight


You were in Pandemonium.
You worshipped the Shining One.
The Shining One was exalted by your worship.
You were not hungry.

You visited 13 branches of the dungeon, and saw 55 of its levels.
You visited Pandemonium 1 time, and saw 13 of its levels.
You visited the Abyss 2 times.
You visited 4 bazaars.
You also visited: Sewer and Ice Cave.

You collected 9981 gold pieces.
You spent 5708 gold pieces at shops.

Inventory:

Hand Weapons
 a - the +8 mithril axe "Arga" {speed, MR+}
   (You found it on level 4 of the Shoals)

   Attacks with this weapon are significantly faster.
   It affects your resistance to hostile enchantments.
 b - a +9 broad axe of holy wrath (weapon)
 c - the +6 shillelagh "Devastator" {shatter}
   (You found it on level 3 of the Elven Halls)
 T - the +4 broad axe "Kyhi" {flame, MR++ Str+3 Dex+4}
   (Okawaru gifted it to you on level 2 of the Depths)

   It has been specially enchanted to burn those struck by it, causing extra
   injury to most foes and up to half again as much damage against particularly
   susceptible opponents.
   Big, fiery blades are also staple armaments of hydra-hunters.
   It affects your strength (+3).
   It affects your dexterity (+4).
   It affects your resistance to hostile enchantments.
Missiles
 n - 4 javelins of returning (quivered)
 z - 7 poisoned javelins
 A - 14 silver tomahawks
 M - 8 javelins of penetration
Armour
 d - a +2 pair of boots of running (worn)
 h - the +0 pair of boots "Gekhuucrop" {Int+7 Dex+2}
   (You bought it in a shop in a bazaar)

   It affects your intelligence (+7).
   It affects your dexterity (+2).
 l - the +0 shield of the Land of Plenty {rElec Str+3 SInv}
   (You took it off Asterion on level 2 of the Vaults)

   It affects your strength (+3).
   It insulates you from electricity.
   It lets you see invisible.
 m - a +6 large shield of poison resistance (worn)
 q - a +2 hat of magic resistance (worn)
 v - a scarf of cloud immunity (worn)
 G - a +2 cloak of magic resistance
 Q - the +0 pair of gloves of Repulsion (worn) {rCorr Str+2}
   (You bought it in a shop in a bazaar)

   It affects your strength (+2).
   It provides partial protection from all sources of acid and corrosion.
 V - the +0 crystal plate armour of a bailey (worn) {Regen+ Str+2 Int+4 Dex+2}
   (Okawaru gifted it to you on level 5 of the Pits of Slime)

   It affects your strength (+2).
   It affects your intelligence (+4).
   It affects your dexterity (+2).
   It increases your rate of regeneration.
Jewellery
 s - the ring "Tiussafurph" (right hand) {+Fly rF+ rC++ Int+5 Stlth-}
   (You bought it in a shop on level 2 of the Snake Pit)

   [ring of intelligence]

   It affects your intelligence (+5).
   It protects you from fire.
   It greatly protects you from cold.
   It lets you fly.
   It makes you less stealthy.
 t - the ring "Qoqo" (left hand) {*Contam rElec EV+3 Int+7}
   (You found it on level 2 of the Crypt)

   [ring of evasion]

   It affects your evasion (+3).
   It affects your intelligence (+7).
   It insulates you from electricity.
   It causes magical contamination when unequipped.
 w - the ring "Kihos" {*Corrode rElec rN+ Slay+4}
   (You found it on level 3 of the Crypt)

   [ring of positive energy]

   It affects your accuracy and damage with ranged weapons and melee attacks
   (+4).
   It insulates you from electricity.
   It protects you from negative energy.
   It may corrode you when you take damage.
 K - the amulet "Bugiduv" (around neck) {rElec rF+ rC+ Regen+ Stlth+}
   (You found it on level 3 of the Crypt)

   [amulet of regeneration]

   It protects you from fire.
   It protects you from cold.
   It insulates you from electricity.
   It increases your rate of regeneration.
   It makes you more stealthy.
 Y - the ring "Uqumaavu" {rF+ rC- Str+2 Dex+4 SInv}
   (You found it on level 3 of the Depths)

   [ring of dexterity]

   It affects your strength (+2).
   It affects your dexterity (+4).
   It protects you from fire.
   It makes you vulnerable to cold.
   It lets you see invisible.
Wands
 g - a wand of disintegration (75)
 r - a wand of iceblast (50)
 y - a wand of paralysis (50)
 D - a wand of scattershot (11)
 L - a wand of digging (67)
 N - a wand of flame (305)
 S - a wand of acid (28)
Scrolls
 e - 8 scrolls of identify
 o - 15 scrolls of teleportation
 u - 6 scrolls of blinking
 C - 24 scrolls of remove curse
 F - 5 scrolls of fear
 J - 4 scrolls of magic mapping
 P - 5 scrolls of summoning
 W - 6 scrolls of fog
Potions
 i - 2 potions of magic
 j - 4 potions of mutation
 k - 28 potions of curing
 p - 3 potions of haste
 x - 3 potions of might
 B - 9 potions of heal wounds
 E - 15 potions of flight
 H - 2 potions of resistance
 O - 2 potions of ambrosia
 R - a potion of brilliance
 X - 3 potions of cancellation
 Z - 6 potions of agility
Comestibles
 f - 82 rations


   Skills:
 O Level 27 Fighting
 + Level 22.7(23.5) Axes
 + Level 5.9(14.4) Maces & Flails
   Level 8.9(15.5) Polearms
 + Level 5.7 Throwing
 * Level 20.3 Armour
 + Level 10.9 Dodging
 + Level 5.7 Stealth
 + Level 25.5 Shields
 * Level 14.0 Spellcasting
 + Level 1.4 Conjurations
 * Level 13.6 Charms
 - Level 8.8 Necromancy
 + Level 6.7 Translocations
 + Level 9.2 Fire Magic
 * Level 8.1 Air Magic
 * Level 17.8 Invocations
 + Level 4.9 Evocations


You had 38 spell levels left.
You knew the following spells:

 Your Spells              Type           Power        Failure   Level  Hunger
a - Flame Tongue          Conj/Fire      #####        4%          1    None
b - Blink                 Tloc           N/A          4%          2    None
c - Regeneration          Chrm/Necr      ######....   1%          3    None
d - Song of Slaying       Chrm           ######..     1%          2    None
e - Shroud of Golubria    Chrm/Tloc      ######....   1%          2    None
f - Deflect Missiles      Chrm/Air       ######....   58%         6    #####..

Your spell library contained the following spells:

 Spells                   Type           Power        Failure   Level  Hunger
 Animate Skeleton         Necr           N/A          1%          1    None
 Infusion                 Chrm           ####         1%          1    None
 Pain                     Necr           ####         1%          1    None
 Corpse Rot               Necr           N/A          1%          2    None
 Sublimation of Blood     Necr           ######....   1%          2    None
 Swiftness                Chrm/Air       ######..     1%          2    None
 Apportation              Tloc           #####.       2%          1    None
 Shock                    Conj/Air       ####         6%          1    None
 Throw Flame              Conj/Fire      #####.       7%          2    None
 Gell's Gravitas          Tloc           #####.....   8%          3    None
 Lesser Beckoning         Tloc           #####.....   8%          3    None
 Ozocubu's Armour         Chrm/Ice       #####...     8%          3    None
 Spectral Weapon          Hex/Chrm       #####...     8%          3    None
 Teleport Other           Tloc           #####...     8%          3    None
 Poisonous Vapours        Pois/Air       #####.       12%         2    None
 Excruciating Wounds      Chrm/Necr      ######....   12%         5    ###....
 Conjure Flame            Conj/Fire      #####...     14%         3    None
 Airstrike                Air            ######....   14%         4    None
 Inner Flame              Hex/Fire       #####...     19%         3    None
 Static Discharge         Conj/Air       #####...     19%         3    None
 Magic Dart               Conj           ###.         24%         1    None
 Passage of Golubria      Tloc           N/A          26%         4    None
 Agony                    Necr           ######..     30%         5    ###....
 Dispel Undead            Necr           ######..     30%         5    ###....
 Sting                    Conj/Pois      ###.         32%         1    None
 Recall                   Summ/Tloc      N/A          32%         3    None
 Searing Ray              Conj           ###...       34%         2    None
 Ignite Poison            Fire/Tmut/Pois ####....     34%         3    None
 Mephitic Cloud           Conj/Pois/Air  ####....     34%         3    None
 Beastly Appendage        Tmut           ###...       38%         1    None
 Corona                   Hex            ###....      38%         1    None
 Freeze                   Ice            ###.         38%         1    None
 Sandblast                Erth           ###...       38%         1    None
 Summon Butterflies       Summ           ###.....     38%         1    None
 Throw Frost              Conj/Ice       ###...       43%         2    None
 Sticky Flame             Conj/Fire      #####...     43%         4    None
 Iskenderun's Battlesphe  Conj/Chrm      ######..     47%         5    ###....
 Call Imp                 Summ           ###.....     54%         2    None
 Ensorcelled Hibernation  Hex/Ice        ###...       54%         2    None
 Passwall                 Tmut/Erth      ###.....     54%         2    None
 Slow                     Hex            ###.....     54%         2    None
 Sticks to Snakes         Tmut           ###.....     54%         2    None
 Force Lance              Conj/Tloc      #####...     61%         4    None
 Summon Lightning Spire   Summ/Air       #####...     61%         4    None
 Dazzling Spray           Conj/Hex       ###...       67%         3    None
 Stone Arrow              Conj/Erth      ###...       67%         3    None
 Confuse                  Hex            ###.....     77%         3    None
 Spider Form              Tmut/Pois      ###.......   77%         3    None
 Summon Guardian Golem    Hex/Summ       ###.....     77%         3    None
 Tukima's Dance           Hex            ###.....     77%         3    None
 Fireball                 Conj/Fire      #####.....   78%         5    ###....
 Bolt of Draining         Conj/Necr      #####.....   82%         5    ###....
 Lightning Bolt           Conj/Air       #####.....   86%         5    ###....
 Silence                  Hex/Air        #####.....   91%         5    ###....
 Iskenderun's Mystic Bla  Conj           ###.....     93%         4    None
 Bolt of Magma            Conj/Fire/Erth ####......   95%         5    ###....
 Fulminant Prism          Conj/Hex       ###.......   97%         4    None
 Throw Icicle             Conj/Ice       ###.....     97%         4    None
 Ring of Flames           Chrm/Fire      ######....   97%         7    ######.
 Cause Fear               Hex            ###.......   99%         4    None
 Ice Form                 Ice/Tmut       ###.....     99%         4    None
 Leda's Liquefaction      Hex/Erth       ###.......   99%         4    None
 Olgreb's Toxic Radiance  Pois           ###.....     99%         4    None
 Petrify                  Tmut/Erth      ###.....     99%         4    None
 Summon Ice Beast         Ice/Summ       ###.....     99%         4    None
 Alistair's Intoxication  Tmut/Pois      ###.....     100%        5    ###....
 Blade Hands              Tmut           ###.......   100%        5    ###....
 Lee's Rapid Deconstruct  Erth           ###.......   100%        5    ###....
 Metabolic Englaciation   Hex/Ice        ###.......   100%        5    ###....
 Venom Bolt               Conj/Pois      ###.......   100%        5    ###....
 Yara's Violent Unravell  Hex/Tmut       ###.......   100%        5    ###....
 Bolt of Cold             Conj/Ice       ###.......   100%        6    #####..
 Bolt of Fire             Conj/Fire      #####.....   100%        6    #####..
 Conjure Ball Lightning   Conj/Air       #####.....   100%        6    #####..
 Freezing Cloud           Conj/Ice/Air   ####......   100%        6    #####..
 Invisibility             Hex            ###.....     100%        6    #####..
 Iron Shot                Conj/Erth      ###.......   100%        6    #####..
 Ozocubu's Refrigeration  Ice            ###.......   100%        6    #####..
 Poison Arrow             Conj/Pois      ###.......   100%        6    #####..
 Simulacrum               Ice/Necr       #####.....   100%        6    #####..
 Statue Form              Tmut/Erth      ###......    100%        6    #####..
 Haunt                    Necr/Summ      #####.....   100%        7    ######.
 Malign Gateway           Summ/Tloc      ####......   100%        7    ######.
 Monstrous Menagerie      Summ           ###.......   100%        7    ######.
 Orb of Destruction       Conj           ###.......   100%        7    ######.
 Spellforged Servitor     Conj/Summ      ###.......   100%        7    ######.
 Summon Greater Demon     Summ           ###.......   100%        7    ######.
 Borgnjor's Revivificati  Necr           ######....   100%        8    #######
 Chain Lightning          Conj/Air       #####.....   100%        8    #######
 Death's Door             Chrm/Necr      ######....   100%        8    #######
 Discord                  Hex            ###.......   100%        8    #######
 Ignition                 Fire           ######....   100%        8    #######
 Infestation              Necr           ######....   100%        8    #######
 Lehudib's Crystal Spear  Conj/Erth      ###.......   100%        8    #######
 Necromutation            Tmut/Necr      #####.....   100%        8    #######
 Summon Horrible Things   Summ           ###.......   100%        8    #######
 Fire Storm               Conj/Fire      #####.....   100%        9    #######
 Glaciate                 Conj/Ice       ###.......   100%        9    #######
 Tornado                  Air            ######....   100%        9    #######


Dungeon Overview and Level Annotations

Branches:
Dungeon (15/15)            Temple (1/1) D:6            Lair (6/6) D:9
 Shoals (4/4) Lair:3        Snake (4/4) Lair:2        Slime (5/5) Lair:5
    Orc (2/2) D:10            Elf (3/3) Orc:2        Vaults (5/5) D:13
  Crypt (3/3) Vaults:2       Tomb (0/3) Crypt:3      Depths (5/5) D:15
   Hell (1/1)                 Dis (0/7) Hell            Geh (0/7) Hell
    Coc (0/7) Hell            Tar (0/7) Hell            Zot (1/5) Depths:5

Altars:
Ashenzari
Cheibriados
Dithmenos
Elyvilon
Fedhas
Gozag
Hepliaklqana
Kikubaaqudgha
Makhleb
Nemelex Xobeh
Okawaru
Qazlal
Ru
Sif Muna
Trog
Uskayaw
Vehumet
Wu Jian
Xom
Yredelemnul
Zin
The Shining One
Jiyva

Shops:
D:11 [   D:14 (%   Orc:2 %[((   Elf:1 :!%   Snake:1 *:*[   Snake:2 =}=
Vaults:1 *   Vaults:2 }   Vaults:3 (   Vaults:4 ?[   Depths:4 :

Portals:
Hell: Depths:1 Depths:2 Depths:3 Depths:4 Depths:5
Abyss: Depths:4
Pandemonium: Depths:3
Ziggurat: Depths:2

Annotations:
D:12 2 runed doors
Pan Cerebov


Innate Abilities, Weirdness & Mutations

You have a pair of small horns on your head.
You have sharp toenails.
You have a somewhat thin skeletal structure. (Dex +2, Stealth)
You tend to lose your temper in combat.
You are clumsy. (Dex -2)
Your flesh is heat resistant. (rF+)
Your magical capacity is low. (-10% MP)
You passively map a small area around you.


Message History

Cerebov is almost dead.
The golden flame engulfs the tormentor.
The tormentor writhes in agony!
You kill the tormentor!
You feel somewhat more hungry. The balrug gestures at you.
Something smites you!
* * * LOW HITPOINT WARNING * * *
You block Cerebov's attack.
Unknown command.
Unknown command.
The golden flame engulfs you! You resist.
The golden flame engulfs the balrug.
The balrug writhes in agony!
You kill the balrug!
The Shining One accepts your kill.
You feel better.
The golden flame engulfs Cerebov.
Cerebov writhes in agony!
Cerebov is almost dead.
You feel somewhat more hungry. Cerebov gestures at you. The iron shot hits you!
You die...

#..####* ..≈≈≈≈.....≈≈≈≈......
#.....# ...≈≈≈≈..&≈≈≈≈...#.##
#.....# *...≈≈≈≈...≈≈≈≈...#.#*
#.....# ....≈≈≈≈.≈≈≈≈....#.#
#.....# .....≈≈≈.≈≈≈.....#.##
#.....# ,*#...............##.##
#.....##., #.............##..##
#.....# #..######}..######..##
#...### #...)@&...........#'##
#...#, #########'##########..
#...# ,########.}|)[########.[
#...# ,,#......#)|=}.#......#..
#...#####......#[)))(#......###
#......A.......#######.........
#..............................
#..............................
###############################


You could see Cerebov (dazed).

Vanquished Creatures
  the Royal Jelly (Slime:5)
  5 pandemonium lords (Pan)
  Gloorx Vloq (Pan)
  Mnoleg (Pan)
  Khufu (Crypt:1)
  3 ancient liches
  Mennas (Vaults:4)
  The ghost of Soicynuxa the Hoplite, a master MiMo of Okawaru (Crypt:2)
  The ghost of Jacwemet the Hoplite, a master MiMo of Okawaru (Crypt:2)
  The ghost of Fugysk the Hoplite, a master MiMo of Okawaru (Crypt:2)
  The ghost of Minirapa the Hoplite, a master MiMo of Okawaru (Crypt:1)
  The ghost of Minirapa the Hoplite, a master MiMo of Okawaru (Crypt:1)
  3 greater mummies (Crypt:1)
  Boris (twice) (Depths:3 Vaults:5)
  Frederick (Vaults:2)
  Saint Roka (Snake:4)
  Vashnia (Snake:4)
  The ghost of Davefid the Slayer, an adept OgWz of Ashenzari (Depths:4)
  The ghost of Jadgheane the Executioner, a veteran HOBe of Trog (Crypt:2)
  6 caustic shrikes
  3 golden dragons
  Nikola (Snake:1)
  Geryon (Hell)
  A hellephant (Abyss:5)
  3 Tzitzimimeh (Pan)
  3 tentacled monstrosities
  The ghost of emiel the Sniper, an adept CeHu of Okawaru (Vaults:3)
  Rupert (Lair:3)
  4 Brimstone Fiends (Pan)
  The ghost of Ipsuos the Spear-Bearer, an adept MfVM of Cheibriados (Vaults:1)
  5 Hell Sentinels (Pan)
  Asterion (Vaults:2)
  2 Ice Fiends (Pan)
  12 titans
  9 liches
  15 deep elf blademasters
  13 deep elf master archers
  Murray (Hell)
  24 acid blobs
  15 Executioners (Pan)
  4 sphinxes
  2 tentacled starspawn (Abyss:5)
  2 storm dragons
  5 ancient champions
  6 tengu reavers
  7 shadow dragons
  Roxanne (Snake:4)
  11 nagarajas
  14 azure jellies
  A revenant (Crypt:2)
  25 fire giants
  A draconian knight (Depths:5)
  A draconian scorcher (Zot:1)
  A daeva (Pan)
  7 warmongers (Pan)
  18 frost giants
  6 black suns (Pan)
  Louise (Snake:2)
  18 cacodemons
  13 deep elf sorcerers
  15 vault wardens
  4 curse skulls
  19 ironheart preservers
  13 reapers
  5 deep elf elementalists
  3 iron dragons
  21 balrugs (Pan)
  43 very ugly things
  31 stone giants
  A spriggan defender (Depths:3)
  A draconian annihilator (Depths:5)
  8 blood saints (Pan)
  6 war gargoyles
  2 entropy weavers
  An entropy weaver (shapeshifter) (Vaults:5)
  7 deep elf demonologists
  Azrael (D:13)
  9 corrupters (Pan)
  8 vampire knights
  A green draconian (Crypt:3)
  3 red draconians
  A white draconian (Depths:5)
  15 deep elf annihilators
  3 lorocyprocas (Pan)
  The ghost of Torikoriko the Cleaver, a journeyman NaMo of Ru (Orc:1)
  A black draconian (Zot:1)
  5 yellow draconians
  5 spark wasps
  A merfolk javelineer (Shoals:2)
  6 death oozes (Slime:5)
  The ghost of ThisFiasco the Unseen, a journeyman KoBe of Trog (Lair:1)
  A quicksilver dragon zombie (Hell)
  5 eidola
  19 ettins
  8 crystal guardians
  8 deep elf death magi
  A green death (Pan)
  10 merfolk impalers
  14 blizzard demons
  Josephine (Snake:1)
  16 fire dragons
  12 yaktaur captains
  7 jiangshi
  12 deep elf high priests
  3 great orbs of eyes (shapeshifter)
  4 rakshasas
  14 great orbs of eyes
  14 naga warriors
  28 vault guards
  A quicksilver dragon skeleton (Pan)
  3 hell beasts
  4 spriggan air magi
  6 death knights
  5 hydras
  16 ice dragons
  14 centaur warriors
  2 alligator snapping turtles (Shoals:4)
  45 two-headed ogres
  4 monstrous demonspawn (Pan)
  7 anacondas
  4 hell hogs
  16 ogre magi
  3 merfolk avatars
  8 deep troll earth magi
  2 merfolk aquamancers
  A queen ant (Lair:2)
  32 dancing weapons
  6 vampire magi
  3 titan zombies (Hell)
  6 tengu warriors
  A satyr (Shoals:3)
  A death yak (Lair:5)
  3 deep troll shamans
  8 thrashing horrors (Abyss:5)
  9 naga sharpshooters
  7 shock serpents
  2 iron golems (Hell)
  34 deep elf knights
  4 salamander mystics
  17 soul eaters
  44 large abominations
  39 sun demons
  21 hell knights
  4 iron trolls
  49 skeletal warriors
  A wretched star (Abyss:2)
  A fire crab (shapeshifter) (Vaults:3)
  16 sixfirhies (Pan)
  2 spatial maelstroms (Abyss:5)
  14 shadow wraiths
  45 deep trolls
  10 flayed ghosts
  A spriggan druid (Elf:2)
  8 wizards
  14 unseen horrors
  6 gelid demonspawn (Pan)
  A sea snake (shapeshifter) (Abyss:5)
  3 glowing orange brains
  23 phantasmal warriors
  8 shadow demons
  7 sea snakes
  10 infernal demonspawn (Pan)
  A harpy (shapeshifter) (D:12)
  An orange crystal statue (D:12)
  2 anaconda skeletons
  An obsidian statue (Vaults:1)
  A tengu zombie (Vaults:5)
  4 anaconda zombies (Hell)
  36 deep elf archers
  6 torturous demonspawn
  16 ironbrand convokers
  2 golden dragon skeletons
  A wolf spider zombie (D:14)
  12 orc knights
  4 naga ritualists
  Pikel (D:8)
  2 shadow dragon zombies
  101 deep elf magi
  10 harpies
  9 cyclopes
  9 necromancers
  31 ugly things
  9 mana vipers
  3 orc sorcerers
  A shadow dragon skeleton (Vaults:4)
  6 fauns
  A stone giant zombie (Hell)
  3 moths of wrath (Zot:1)
  2 wolf spiders
  11 manticores
  7 shining eyes
  17 salamanders
  2 guardian serpents
  2 guardian serpents (shapeshifter) (Abyss:5)
  3 stone giant skeletons
  4 ice statues
  11 vault sentinels
  A black mamba (shapeshifter) (Vaults:3)
  24 black mambas
  2 centaur zombies
  10 elephants
  27 smoke demons
  A frost giant skeleton (Crypt:3)
  20 naga magi
  7 water nymphs
  An apocalypse crab (Abyss:5)
  A torpor snail (Lair:6)
  6 rust devils
  13 spiny frogs
  27 orange demons (Pan)
  4 merfolk sirens
  5 gargoyles
  A spiny frog (shapeshifter) (Depths:1)
  3 centaur skeletons
  5 spectral swamp worms (Depths:4)
  2 eyes of devastation
  A fire giant skeleton (Crypt:3)
  3 hellions
  A shock serpent skeleton (Pan)
  58 yaktaurs
  9 komodo dragons
  A kobold demonologist (D:15)
  A dire elephant skeleton (Pan)
  3 rime drakes
  A komodo dragon (shapeshifter) (Depths:2)
  4 ice devils
  15 freezing wraiths
  6 efreet
  22 demonic crawlers
  A yaktaur zombie (Vaults:1)
  4 ancient zymes
  8 tormentors (Pan)
  13 small abominations
  2 yaktaur skeletons (Vaults:1)
  A jumping spider (shapeshifter) (Abyss:1)
  10 hellwings
  9 tengu conjurers
  15 trolls
  27 merfolk
  2 guardian mummies (Crypt:3)
  2 meliai (shapeshifter)
  6 polar bears
  A polar bear (shapeshifter) (Depths:1)
  24 red devils
  An alligator zombie (Hell)
  A harpy skeleton (Crypt:1)
  8 hornets
  An iron troll skeleton (Crypt:2)
  6 wind drakes
  A raiju (shapeshifter) (Vaults:1)
  2 hydra skeletons
  17 blink frogs
  A satyr zombie (Crypt:2)
  9 snapping turtles
  19 dream sheep
  116 slime creatures
  A tarantella zombie (Crypt:1)
  5 raiju
  A meliai zombie (D:15)
  12 hippogriffs
  An alligator skeleton (Crypt:3)
  A guardian serpent skeleton (Crypt:2)
  4 redbacks (shapeshifter)
  2 human simulacra
  A fire dragon skeleton (Crypt:1)
  2 redbacks (Vaults:2)
  3 spriggans (shapeshifter)
  2 air elementals
  11 flying skulls
  5 shadows
  A centaur simulacrum (D:14)
  4 ettin skeletons
  2 ice dragon skeletons (Pan)
  14 spriggans (Lair:6)
  3 tarantellas (shapeshifter)
  16 ynoxinuls
  17 fire elementals
  4 golden eyes (Slime:5)
  13 water elementals
  36 yaks
  4 vampires
  2 wyverns
  A golden eye (shapeshifter) (D:13)
  19 wraiths
  18 neqoxecs
  6 vampire mosquitoes
  3 hungry ghosts
  3 basilisks
  A swamp worm (shapeshifter) (D:13)
  14 chaos spawn
  A faun zombie (Crypt:2)
  73 nagas
  6 wargs
  An acid dragon (D:14)
  A spatial vortex (Abyss:5)
  A spiny frog zombie (Hell)
  6 water moccasins
  21 soldier ants
  A floating eye (Depths:5)
  7 hell hounds
  A spectral troll (Orc:1)
  32 orc warriors
  10 porcupines
  4 sky beasts
  3 spiny frog skeletons
  16 ice beasts
  5 eyes of draining
  2 necrophages
  An ettin simulacrum (Vaults:5)
  47 ogres
  A snapping turtle skeleton (Pan)
  20 wolves (Lair:6)
  2 phantoms
  4 black bears
  A swamp dragon skeleton (Crypt:3)
  8 boggarts
  A hog zombie (Crypt:1)
  28 centaurs
  An elf skeleton (Vaults:4)
  10 crocodiles
  5 big kobolds
  A gnoll sergeant (D:9)
  Blork the orc (D:5)
  20 bullfrogs
  A spiny frog simulacrum (Crypt:1)
  3 wyvern zombies
  2 human skeletons
  A deep troll simulacrum (Vaults:3)
  An earth elemental (Elf:2)
  A wyvern skeleton (D:13)
  2 glowing shapeshifter simulacra
  A polar bear zombie (Crypt:2)
  7 killer bees
  5 scorpions
  A scorpion (shapeshifter) (Vaults:5)
  A spectral ogre (Orc:1)
  16 wights
  4 orc simulacra (Orc:1)
  3 electric eels
  A spriggan skeleton (Crypt:1)
  2 howler monkeys
  8 crimson imps
  10 starcursed masses
  A quasit (D:10)
  7 iron imps
  3 jellies
  7 hounds
  A bullfrog zombie (D:9)
  15 orc priests
  An iguana (D:11)
  38 orc wizards
  2 bullfrog skeletons
  Ijyb (D:3)
  3 hell rats (Lair:5)
  25 worker ants
  2 troll simulacra (Orc:1)
  A killer bee zombie (D:5)
  8 mummies (Crypt:3)
  A worker ant zombie (Crypt:1)
  A howler monkey skeleton (D:7)
  A howler monkey zombie (D:5)
  Robin (D:3)
  7 gnolls
  12 adders
  8 river rats
  A shadow imp (D:12)
  A swamp drake skeleton (Crypt:1)
  2 white imps
  2 ufetubi
  2 oozes
  An adder zombie (D:7)
  An adder skeleton (D:7)
  4 worms
  5 leopard geckos
  95 orcs
  8 giant cockroaches
  23 goblins
  10 hobgoblins
  24 jackals
  4 quokkas
  A ball python skeleton (D:4)
  12 bats
  6 frilled lizards
  A frilled lizard zombie (Crypt:1)
  10 kobolds
  2 leopard gecko skeletons
  15 rats
  5 crawling corpses
  A fire vortex (Pan)
  9 fungi
  3 plants
  A starspawn tentacle (Abyss:5)
  A withered plant (Crypt:3)
3277 creatures vanquished.

Vanquished Creatures (collateral kills)
  An Ice Fiend (Pan)
  4 Executioners (Pan)
  A cacodemon (Pan)
  4 balrugs (Pan)
  A curse skull (Pan)
  2 very ugly things (Pan)
  A blood saint (Pan)
  A lorocyproca (Pan)
  A black sun (Pan)
  5 sun demons (Pan)
  A shadow wraith (Pan)
  A golden dragon skeleton (Pan)
  2 orange demons (Pan)
  A demonic crawler (Pan)
  An efreet (Pan)
  2 red devils (Pan)
  A large abomination (Pan)
  A neqoxec (Pan)
  A snapping turtle skeleton (Pan)
32 creatures vanquished.

Vanquished Creatures (others)
  A deep elf master archer (Elf:3)
  A lich (Depths:2)
  2 eldritch tentacles (Pan)
  A frost giant (Crypt:3)
  A spriggan defender (Depths:3)
  2 stone giants
  A deep elf death mage (Hell)
  2 yaktaur captains
  A centaur warrior (Depths:3)
  4 satyrs
  5 naga sharpshooters
  7 deep elf archers
  2 deep elf magi
  2 fauns
  A salamander (Depths:5)
  5 cyclopes
  A manticore (Shoals:4)
  A black mamba (Snake:2)
  14 yaktaurs
  An ice devil (D:15)
  A ynoxinul (Pan)
  2 water elementals
  A naga (Snake:4)
  2 slaves (D:8)
  3 ogres
  3 centaurs
  A small abomination (Abyss:2)
  5 fungi
  3 lurking horrors
  11 plants
  4 starspawn tentacles (Abyss:5)
  22 withered plants (Crypt:3)
113 creatures vanquished.

Grand Total: 3422 creatures vanquished

Notes
Turn   | Place    | Note
-------+----------+-------------------------------------------
     0 | D:1      | dvd the Hill Orc Gladiator began the quest for the Orb.
     0 | D:1      | Reached XP level 1. HP: 18/18 MP: 1/1
    23 | D:1      | Reached XP level 2. HP: 9/25 MP: 2/2
   344 | D:1      | Reached skill level 3 in Fighting
   368 | D:1      | Reached XP level 3. HP: 28/31 MP: 3/3
  1181 | D:2      | Reached skill level 5 in Axes
  1274 | D:2      | Reached skill level 1 in Shields
  1274 | D:2      | Reached XP level 4. HP: 38/38 MP: 4/4
  1544 | D:3      | Noticed Ijyb
  1570 | D:3      | Killed Ijyb
  1612 | D:3      | Reached XP level 5. HP: 38/45 MP: 5/5
  1637 | D:3      | Found a glowing drain.
  1637 | D:3      | Noticed Robin
  1646 | D:3      | Reached skill level 1 in Armour
  1651 | D:3      | Killed Robin
  1776 | Sewer    | Entered a sewer
  1857 | Sewer    | Noticed a big kobold
  1876 | Sewer    | Killed a big kobold
  1876 | Sewer    | Reached XP level 6. HP: 36/51 MP: 6/6
  2128 | Sewer    | Found a white marble altar of Elyvilon.
  2991 | D:4      | Reached XP level 7. HP: 50/58 MP: 7/7
  2995 | D:4      | Reached skill level 4 in Fighting
  3180 | D:4      | Found a bloodstained altar of Trog.
  3409 | D:5      | Entered Level 5 of the Dungeon
  3530 | D:5      | Noticed Blork the orc
  3544 | D:5      | Killed Blork the orc
  4469 | D:6      | Reached XP level 8. HP: 64/66 MP: 8/8
  5042 | D:6      | Found a staircase to the Ecumenical Temple.
  5069 | Temple   | Entered the Ecumenical Temple
  5150 | Temple   | Became a worshipper of Warmaster Okawaru
  5482 | D:7      | Noticed a troll
  5791 | D:7      | Found a blossoming altar of Fedhas.
  5795 | D:7      | Found a basalt altar of Yredelemnul.
  5798 | D:7      | Found a shimmering altar of Xom.
  5840 | D:7      | Found an opulent altar of Gozag.
  5987 | D:7      | Reached skill level 1 in Maces & Flails
  6014 | D:7      | Noticed a troll
  6112 | D:7      | Killed a troll
  6112 | D:7      | Reached skill level 5 in Fighting
  6112 | D:7      | Reached skill level 1 in Stealth
  6112 | D:7      | Reached XP level 9. HP: 29/74 MP: 9/9
  6279 | D:7      | Reached skill level 5 in Armour
  6389 | D:7      | Reached skill level 10 in Axes
  6473 | D:8      | Noticed Pikel
  6484 | D:8      | Reached * piety under Okawaru
  6495 | D:8      | Killed Pikel
  6495 | D:8      | Reached skill level 5 in Shields
  6495 | D:8      | Reached skill level 1 in Evocations
  6524 | D:8      | Found a white marble altar of Elyvilon.
  6561 | D:8      | Noticed a troll
  6575 | D:8      | Killed a troll
  6708 | D:8      | Found a radiant altar of Vehumet.
  6861 | D:8      | Noticed a two-headed ogre
  6876 | D:8      | Killed a two-headed ogre
  6876 | D:8      | Reached ** piety under Okawaru
  6876 | D:8      | Reached skill level 6 in Fighting
  6880 | D:8      | Reached XP level 10. HP: 48/83 MP: 8/10
  6952 | D:8      | Reached skill level 1 in Invocations
  7113 | D:8      | Found a hazy altar of Hepliaklqana.
  7663 | D:9      | Found a staircase to the Lair.
  8117 | D:9      | Reached skill level 7 in Fighting
  8126 | D:9      | Reached *** piety under Okawaru
  8238 | D:9      | Found a deep blue altar of Sif Muna.
  8287 | Lair:1   | Entered Level 1 of the Lair of Beasts
  8301 | Lair:1   | Found a transporter.
  8306 | Lair:1   | Found a transporter.
  8307 | Lair:1   | Noticed a spiny frog
  8307 | Lair:1   | Noticed ThisFiasco's ghost (journeyman KoBe)
  8311 | Lair:1   | Noticed a seven-headed hydra
  8329 | Lair:1   | Noticed a spiny frog
  8340 | Lair:1   | Killed a spiny frog
  8481 | Lair:1   | Noticed a spiny frog
  8488 | Lair:1   | Killed a spiny frog
  8576 | Lair:1   | Noticed a spiny frog
  8583 | Lair:1   | Killed a spiny frog
  8848 | Lair:1   | Noticed a spiny frog
  8862 | Lair:1   | Killed a spiny frog
  8871 | Lair:1   | Gained mutation: You are somewhat resistant to further
                  | mutation. [potion of mutation]
  8884 | Lair:1   | Reached skill level 5 in Dodging
  9167 | Lair:2   | Reached **** piety under Okawaru
  9167 | Lair:2   | Reached XP level 11. HP: 69/92 MP: 12/12
  9288 | Lair:2   | Found a staircase to the Snake Pit.
  9421 | Lair:2   | Noticed a queen ant
  9458 | Lair:2   | Reached skill level 8 in Fighting
  9458 | Lair:2   | Reached XP level 12. HP: 31/103 MP: 11/15
  9463 | Lair:2   | Killed a queen ant
  9463 | Lair:2   | Reached skill level 9 in Fighting
  9514 | Lair:2   | Reached skill level 15 in Axes
  9827 | Lair:2   | Noticed an eight-headed hydra
  9839 | Lair:2   | Killed a three-headed hydra
 10216 | Lair:3   | Noticed Rupert
 10407 | Lair:3   | Reached ***** piety under Okawaru
 10715 | Lair:3   | Found a staircase to the Shoals.
 10730 | Lair:3   | Received a gift from Okawaru
 11220 | Lair:3   | Reached XP level 13. HP: 96/113 MP: 16/16
 11279 | Lair:4   | Reached skill level 10 in Fighting
 11301 | Lair:4   | Learned a level 1 spell: Flame Tongue
 11326 | Lair:4   | Received a gift from Okawaru
 11357 | Lair:4   | Reached skill level 5 in Invocations
 12268 | Lair:5   | Received a gift from Okawaru
 12269 | Lair:5   | Got a faintly humming buckler {god gift}
 12299 | Lair:5   | Identified the +0 buckler "Fuorphy" {rF+ MP+9 Int+3}
                  | (Okawaru gifted it to you on level 5 of the Lair of Beasts)
 12553 | Lair:5   | Found a staircase to the Slime Pits.
 12787 | Lair:5   | Reached skill level 10 in Shields
 12846 | Lair:5   | Reached skill level 11 in Fighting
 13441 | Lair:6   | Entered Level 6 of the Lair of Beasts
 13601 | Lair:6   | Reached skill level 1 in Conjurations
 13661 | Lair:6   | Reached skill level 1 in Spellcasting
 13795 | Lair:6   | Reached XP level 14. HP: 121/124 MP: 18/18
 13980 | Lair:6   | Paralysed by a hornet for 2 turns
 14177 | Lair:6   | Reached skill level 12 in Fighting
 14315 | Lair:6   | Received a gift from Okawaru
 14379 | Lair:6   | Learned a level 2 spell: Blink
 14502 | Lair:6   | Received a gift from Okawaru
 15049 | Lair:3   | Killed Rupert
 15135 | Lair:1   | Killed ThisFiasco's ghost
 15226 | D:10     | Entered Level 10 of the Dungeon
 15439 | D:10     | Received a gift from Okawaru
 15679 | D:10     | Reached ****** piety under Okawaru
 16027 | D:10     | Found a staircase to the Orcish Mines.
 16247 | Orc:1    | Entered Level 1 of the Orcish Mines
 16469 | Orc:1    | Found a runed gate.
 16472 | Orc:1    | Found a runed gate.
 16472 | Orc:1    | Found a runed gate.
 16477 | Orc:1    | Noticed Torikoriko's ghost (journeyman NaMo)
 16643 | Orc:1    | Killed Torikoriko's ghost
 16643 | Orc:1    | Reached skill level 13 in Fighting
 16682 | Orc:2    | Entered Level 2 of the Orcish Mines
 16733 | Orc:1    | Received a gift from Okawaru
 16735 | Orc:1    | Reached XP level 15. HP: 98/135 MP: 17/19
 16746 | Orc:1    | Got a transparent lajatang {god gift}
 16752 | Orc:1    | Identified the +6 lajatang of Temperance {freeze, rPois
                  | Str+3 Dex-4} (Okawaru gifted it to you on level 1 of the
                  | Orcish Mines)
 17340 | Orc:2    | Found Leruj's Weapon Shoppe.
 17349 | Orc:2    | Received a gift from Okawaru
 17375 | Orc:2    | Found Haonea's Weapon Emporium.
 17376 | Orc:2    | Found Leyd's Antique Armour Emporium.
 17377 | Orc:2    | Found Oru Umocw's Food Shop.
 17681 | Orc:2    | Bought the +2 shield of Resistance {rF+ rC+ MR+} for 1520
                  | gold pieces
 17681 | Orc:2    | Found the +2 shield of Resistance {rF+ rC+ MR+}
 17711 | Orc:2    | Found a staircase to the Elven Halls.
 18063 | Orc:1    | Paralysed by an orc sorcerer for 7 turns
 18490 | Orc:2    | Bought an embroidered scarf for 296 gold pieces
 18686 | D:11     | Learned a level 3 spell: Regeneration
 18828 | D:11     | Found Zyvauxt's Antique Armour Boutique.
 18835 | D:11     | Reached skill level 14 in Fighting
 19949 | D:12     | Found a runed door.
 19956 | D:12     | Found a runed door.
 19977 | D:12     | Found a runed door.
 20000 | D:12     | Found a runed door.
 20470 | D:13     | Received a gift from Okawaru
 20486 | D:13     | Found a gate to the Vaults.
 20847 | D:13     | Noticed Azrael
 20868 | D:13     | Killed Azrael
 21018 | D:14     | Reached XP level 16. HP: 99/147 MP: 21/21
 21503 | D:14     | Received a gift from Okawaru
 22104 | D:14     | Found Saadd's Food Boutique.
 22292 | D:14     | Found Caavvulol's Antique Weapon Boutique.
 22486 | D:15     | Entered Level 15 of the Dungeon
 22541 | D:15     | Received a gift from Okawaru
 22545 | D:15     | Got a pair of polished gloves {god gift}
 22558 | D:15     | Identified the -2 pair of gloves of the Past {rF++ Int+4}
                  | (Okawaru gifted it to you on level 15 of the Dungeon)
 22603 | D:15     | Found a flickering gateway to a bazaar.
 22615 | Bazaar   | Entered a bazaar
 22615 | Bazaar   | Found Deir's Armour Boutique.
 22615 | Bazaar   | Found Jieh's Food Shoppe.
 22615 | Bazaar   | Found Hobovofu's Antique Armour Shop.
 22617 | Bazaar   | Found Riecun Wath's Antique Weapon Emporium.
 22617 | Bazaar   | Found Jathrebao's Antique Weapon Shop.
 22669 | Bazaar   | Bought the cursed +0 pair of gloves of Repulsion {rCorr
                  | Str+2} for 237 gold pieces
 22690 | Bazaar   | Bought a twisted trident for 195 gold pieces
 22690 | Bazaar   | Identified the +9 trident "Nenap" {freeze, +Rage rF+} (You
                  | bought it in a shop in a bazaar)
 22766 | D:15     | Found a frozen archway.
 22782 | D:15     | Reached skill level 15 in Fighting
 22812 | IceCv    | Entered an ice cave
 23455 | D:15     | Found a blossoming altar of Fedhas.
 23695 | D:15     | Found a staircase to the Depths.
 24722 | Snake:1  | Entered Level 1 of the Snake Pit
 24961 | Snake:1  | Found Laaps's Armour Shop.
 24962 | Snake:1  | Found Nufug's Assorted Antiques.
 24962 | Snake:1  | Found Nieclad's Book Boutique.
 24976 | Snake:1  | Found Kozoergh's General Store.
 24986 | Snake:1  | Reached skill level 1 in Necromancy
 25199 | Orc:2    | Bought a shimmering ring mail for 333 gold pieces
 25209 | Orc:2    | Identified the +2 ring mail of Watchfulness {Stlth+} (You
                  | bought it in a shop on level 2 of the Orcish Mines)
 25410 | Snake:1  | Noticed Nikola
 25435 | Snake:1  | Killed Nikola
 25435 | Snake:1  | Received a gift from Okawaru
 25436 | Snake:1  | Got a shadowed robe {god gift}
 25728 | Snake:1  | Reached XP level 17. HP: 152/157 MP: 20/22
 25748 | Snake:1  | Identified the +1 robe of Akapseop {Str+2 Int+3 Dex+2}
                  | (Okawaru gifted it to you on level 1 of the Snake Pit)
 25932 | Snake:1  | Reached skill level 1 in Polearms
 25972 | Snake:1  | Noticed Josephine
 25987 | Snake:1  | Killed Josephine
 27215 | Snake:2  | Noticed Louise
 27248 | Snake:2  | Killed Louise
 27387 | Snake:2  | Reached skill level 1 in Charms
 27437 | Snake:2  | Received a gift from Okawaru
 27873 | Snake:2  | Received a gift from Okawaru
 27965 | Snake:2  | Found Fulistrud's Jewellery Shop.
 27982 | Snake:2  | Found Widwat's Gadget Shoppe.
 27984 | Snake:2  | Found Giroetuj's Jewellery Shop.
 28111 | Snake:3  | Reached skill level 16 in Fighting
 28193 | Snake:3  | Reached skill level 5 in Polearms
 28434 | Snake:3  | Got a steaming robe
 28559 | Snake:3  | Reached skill level 15 in Shields
 28576 | Snake:3  | Found a flickering gateway to a bazaar.
 28585 | Bazaar   | Entered a bazaar
 28585 | Bazaar   | Found Noal's Food Boutique.
 28585 | Bazaar   | Found Jeotomom's Weapon Shoppe.
 28773 | Bazaar   | Found Ocvybed's Armour Boutique.
 28781 | Bazaar   | Found Viciesch's Magic Scroll Boutique.
 28787 | Bazaar   | Found Nonuinol's Weapon Emporium.
 28812 | Bazaar   | Bought the +0 pair of boots "Gekhuucrop" {Int+7 Dex+2} for
                  | 273 gold pieces
 28978 | Snake:4  | Entered Level 4 of the Snake Pit
 28978 | Snake:4  | Noticed Roxanne
 29170 | Snake:4  | Identified the +1 robe of the Equinox {rF+} (You took it
                  | off a naga warrior on level 3 of the Snake Pit)
 29209 | Snake:4  | Reached skill level 1 in Translocations
 29237 | Snake:4  | Reached XP level 18. HP: 123/166 MP: 15/23
 29530 | Snake:4  | Reached skill level 10 in Dodging
 29597 | Snake:4  | Noticed Saint Roka
 29637 | Snake:4  | Killed Saint Roka
 29637 | Snake:4  | Received a gift from Okawaru
 29637 | Snake:4  | Reached skill level 5 in Necromancy
 30332 | Snake:4  | Got a serpentine rune of Zot
 30695 | D:11     | Bought a runed cloak for 255 gold pieces
 31052 | Snake:4  | Noticed Vashnia
 31257 | Snake:4  | Killed Vashnia
 31786 | Snake:4  | Killed Roxanne
 31787 | Snake:4  | Identified Roxanne's Tome of Shape Shifting (You took it
                  | off Roxanne on level 4 of the Snake Pit)
 32208 | Shoals:1 | Entered Level 1 of the Shoals
 32781 | Shoals:2 | Received a gift from Okawaru
 32807 | Shoals:2 | Got a shimmering plate armour {god gift}
 32822 | Shoals:1 | Identified the +1 plate armour of Okawaru's Scorn {Dex+4
                  | Stlth+} (Okawaru gifted it to you on level 2 of the Shoals)
 33001 | Shoals:2 | Reached skill level 10 in Armour
 33002 | Shoals:2 | Reached XP level 19. HP: 109/174 MP: 20/24
 34280 | Shoals:4 | Entered Level 4 of the Shoals
 35014 | Shoals:4 | Reached skill level 17 in Fighting
 35087 | Shoals:4 | Identified a scroll of acquirement
 35247 | Shoals:4 | Found the +8 mithril axe "Arga" {speed, MR+}
 35730 | Shoals:4 | Got a barnacled rune of Zot
 36188 | Elf:1    | Entered Level 1 of the Elven Halls
 36262 | Elf:1    | Found Ohepreus's Food Shoppe.
 36696 | Elf:1    | Received a gift from Okawaru
 36864 | Elf:1    | Found Issonko's Book Shop.
 36884 | Elf:1    | Learned a level 2 spell: Song of Slaying
 36969 | Elf:1    | Found Xoss's Distillery.
 36975 | Elf:1    | Bought a potion of resistance for 150 gold pieces
 37191 | Elf:2    | Found a runed gate.
 37194 | Elf:2    | Found a runed gate.
 37195 | Elf:2    | Found a runed gate.
 37197 | Elf:2    | Reached XP level 20. HP: 184/184 MP: 26/26
 37870 | Elf:2    | Received a gift from Okawaru
 37881 | Elf:2    | Identified the +3 scale mail "Xoihia" {rC+ Stlth+} (Okawaru
                  | gifted it to you on level 2 of the Elven Halls)
 38114 | Elf:2    | Reached skill level 5 in Spellcasting
 38359 | Elf:3    | Entered Level 3 of the Elven Halls
 38374 | Elf:3    | Reached skill level 18 in Fighting
 38603 | Elf:3    | Reached skill level 5 in Stealth
 38669 | Elf:3    | Reached skill level 5 in Throwing
 38973 | Elf:3    | Identified the +3 leather armour "Vowirch" {Dex+5} (You
                  | took it off a deep elf mage on level 3 of the Elven Halls)
 39350 | Elf:3    | Received a gift from Okawaru
 39707 | Elf:3    | Reached XP level 21. HP: 131/195 MP: 27/29
 39723 | Elf:3    | Identified the cursed +1 whip of the Volcano {speed, rElec}
                  | (You took it off a deep elf annihilator on level 3 of the
                  | Elven Halls)
 39876 | Elf:3    | Received a gift from Okawaru
 39957 | Elf:3    | Reached skill level 5 in Charms
 39974 | Elf:3    | Identified the +5 broad axe of Sulphur {protect, *Slow
                  | Dex+4 Stlth+} (You took it off a deep elf high priest on
                  | level 3 of the Elven Halls)
 39976 | Elf:3    | Got a faintly humming plate armour
 39986 | Elf:3    | Identified the Disquisition on Mutagenic Poisoning
 40009 | Elf:3    | Identified the +2 plate armour of Good Intentions {rF+ rN+
                  | Int+3} (You took it off a deep elf high priest on level 3
                  | of the Elven Halls)
 40016 | Elf:3    | Got a jewelled chain mail
 40029 | Elf:3    | Identified the +2 chain mail of the Bulwark {rF+} (You
                  | found it on level 3 of the Elven Halls)
 40086 | Elf:3    | Identified the +5 leather armour of Pan-Flutes {Slay+2}
                  | (You took it off a deep elf master archer on level 3 of the
                  | Elven Halls)
 40165 | Elf:3    | Found the +6 shillelagh "Devastator" {shatter}
 40749 | Snake:2  | Bought the ring "Tiussafurph" {+Fly rF+ rC++ Int+5 Stlth-}
                  | for 1247 gold pieces
 41088 | Vaults:1 | Entered Level 1 of the Vaults
 41316 | Vaults:1 | Paralysed by a floating eye for 3 turns
 41479 | Vaults:1 | Received a gift from Okawaru
 41572 | Vaults:1 | Found a runed gate.
 41574 | Vaults:1 | Found an opulent altar of Gozag.
 41574 | Vaults:1 | Noticed Ipsuos's ghost (adept MfVM)
 41656 | Vaults:1 | Found a runed gate.
 41657 | Vaults:1 | Found Yvaxuq's Assorted Antiques.
 41658 | Vaults:1 | Found a runed gate.
 41739 | Vaults:1 | Killed Ipsuos's ghost
 41823 | Vaults:1 | Reached skill level 19 in Fighting
 41896 | Vaults:1 | Found a deep blue altar of Sif Muna.
 42171 | Vaults:1 | Received a gift from Okawaru
 42962 | Vaults:2 | Reached XP level 22. HP: 182/205 MP: 27/31
 43103 | Vaults:2 | Received a gift from Okawaru
 43108 | Vaults:2 | Identified the +2 robe of the Immovable Spirits {rElec rC++
                  | MR- Dex+2} (Okawaru gifted it to you on level 2 of the
                  | Vaults)
 43344 | Vaults:2 | Noticed Asterion
 43355 | Vaults:2 | Killed Asterion
 43357 | Vaults:2 | Identified the cursed +0 shield of the Land of Plenty
                  | {rElec Str+3 SInv} (You took it off Asterion on level 2 of
                  | the Vaults)
 43444 | Vaults:2 | Found a staircase to the Crypt.
 43501 | Vaults:2 | Noticed Frederick
 43512 | Vaults:2 | Killed Frederick
 43537 | Vaults:2 | Found Calyucli's Gadget Emporium.
 44343 | Vaults:3 | Received a gift from Okawaru
 44343 | Vaults:3 | Reached skill level 5 in Maces & Flails
 44494 | Vaults:3 | Received a gift from Okawaru
 44574 | Vaults:3 | Identified the +1 troll leather armour of Avvuanis {Regen+
                  | MP+9 Str-4 Dex+8 Slay-6} (Okawaru gifted it to you on level
                  | 3 of the Vaults)
 44697 | Vaults:3 | Reached skill level 20 in Fighting
 44768 | Vaults:3 | Reached XP level 23. HP: 204/215 MP: 32/34
 44806 | Vaults:3 | Found Doduada's Weapon Emporium.
 45223 | Vaults:3 | Found a runed gate.
 45223 | Vaults:3 | Found a runed gate.
 45223 | Vaults:3 | Found a runed gate.
 45223 | Vaults:3 | Noticed emiel's ghost (adept CeHu)
 45271 | Vaults:3 | Killed emiel's ghost
 45292 | Vaults:3 | Received a gift from Okawaru
 45300 | Vaults:3 | Identified the +4 ring mail of Surprise {+Blink rPois MR-
                  | Stlth+} (Okawaru gifted it to you on level 3 of the Vaults)
 45776 | Vaults:4 | Found a gateway to a bazaar.
 45791 | Bazaar   | Entered a bazaar
 45795 | Bazaar   | Found Faipnomp's Distillery.
 45813 | Bazaar   | Found Ulixik's Antique Armour Shoppe.
 45831 | Bazaar   | Found Yfext's Gadget Boutique.
 45848 | Bazaar   | Found Taonaaph's Antique Weapon Emporium.
 45871 | Bazaar   | Bought a potion of curing for 33 gold pieces
 45871 | Bazaar   | Bought a potion of mutation for 88 gold pieces
 45871 | Bazaar   | Bought a potion of heal wounds for 55 gold pieces
 45871 | Bazaar   | Bought a potion of experience for 550 gold pieces
 45872 | Bazaar   | Reached skill level 1 in Fire Magic
 45872 | Bazaar   | Reached XP level 24. HP: 225/225 MP: 34/35
 45930 | Vaults:4 | Noticed Mennas
 45961 | Vaults:4 | Killed Mennas
 46428 | Vaults:4 | Identified the cursed +0 leather armour of Niwnevuj {rPois
                  | rF+ rC+} (You found it on level 4 of the Vaults)
 46514 | Vaults:4 | Found Voffi's Magic Scroll Emporium.
 46517 | Vaults:4 | Bought a scroll of enchant armour for 90 gold pieces
 46523 | Vaults:4 | Bought a scroll of blinking for 90 gold pieces
 46700 | Vaults:4 | Found Nuppu's Armour Shoppe.
 46788 | Vaults:4 | Noticed an ancient lich
 47350 | Slime:1  | Entered Level 1 of the Pits of Slime
 47371 | Slime:1  | Reached skill level 21 in Fighting
 47496 | Slime:3  | Received a gift from Okawaru
 47579 | Slime:5  | Entered Level 5 of the Pits of Slime
 47610 | Slime:5  | Received a gift from Okawaru
 47613 | Slime:5  | Identified the +0 crystal plate armour of a bailey {Regen+
                  | Str+2 Int+4 Dex+2} (Okawaru gifted it to you on level 5 of
                  | the Pits of Slime)
 47640 | Slime:5  | Reached XP level 25. HP: 217/235 MP: 34/36
 47653 | Slime:5  | Noticed the Royal Jelly
 47654 | Slime:5  | Found a viscous altar of Jiyva.
 47875 | Slime:5  | Killed the Royal Jelly
 48046 | Slime:5  | Gained mutation: Scrolls take you a little longer to read.
                  | [a shining eye]
 48048 | Slime:5  | Gained mutation: Potions are less effective at restoring
                  | your health. [a shining eye]
 48369 | Slime:5  | Got a slimy rune of Zot
 48947 | Lair:5   | Lost mutation: You are somewhat resistant to further
                  | mutation. [potion of mutation]
 48947 | Lair:5   | Lost mutation: Scrolls take you a little longer to read.
                  | [potion of mutation]
 48947 | Lair:5   | Lost mutation: Potions are less effective at restoring your
                  | health. [potion of mutation]
 48947 | Lair:5   | Gained mutation: Your flesh is heat resistant. (rF+)
                  | [potion of mutation]
 48947 | Lair:5   | Gained mutation: You have sharp fingernails. [potion of
                  | mutation]
 48947 | Lair:5   | Gained mutation: You have sharp toenails. [potion of
                  | mutation]
 49242 | Depths:1 | Entered Level 1 of the Depths
 49500 | Depths:1 | Received a gift from Okawaru
 49622 | Depths:1 | Received a gift from Okawaru
 49624 | Depths:1 | Reached skill level 15 in Armour
 49688 | Depths:1 | Reached skill level 5 in Translocations
 49963 | Depths:1 | Reached skill level 22 in Fighting
 50031 | Depths:1 | Identified Jyntum's Handbook of the Enthralling Arsonist
 50066 | Depths:1 | Learned a level 2 spell: Shroud of Golubria
 50156 | Depths:1 | Got a heavily runed steel ring
 50158 | Depths:1 | Identified the ring of the Establishment {Ice Str+3 Int+4}
                  | (You found it on level 1 of the Depths)
 50299 | Depths:1 | Found a gateway to Hell.
 50691 | Depths:2 | Reached skill level 10 in Spellcasting
 50706 | Depths:2 | Reached XP level 26. HP: 234/246 MP: 37/37
 50845 | Depths:2 | Found a hazy altar of Hepliaklqana.
 50958 | Depths:2 | Noticed an ancient lich
 50959 | Depths:2 | Found a gateway to a ziggurat.
 51025 | Depths:2 | Killed an ancient lich
 51265 | Depths:2 | Identified the Incunabulum of Agnosticism
 51267 | Depths:2 | Identified the Grimoire of Glacial Transmutation
 51726 | Depths:2 | Received a gift from Okawaru
 51759 | Depths:2 | Got a fine broad axe {god gift}
 51760 | Depths:2 | Identified the +4 broad axe "Kyhi" {flame, MR++ Str+3
                  | Dex+4} (Okawaru gifted it to you on level 2 of the Depths)
 52187 | Depths:3 | Noticed Boris
 52213 | Depths:3 | Killed Boris
 52376 | Depths:3 | Found a transporter.
 52399 | Depths:3 | Found a transporter.
 52399 | Depths:3 | Found a transporter.
 52399 | Depths:3 | Found a transporter.
 52399 | Depths:3 | Found a transporter.
 52428 | Depths:3 | Found a transporter.
 52445 | Depths:3 | Identified Ycridys's Papyrus of the Voyage and Toxins
 52476 | Depths:3 | Got a warped bronze ring
 52484 | Depths:3 | Identified the ring "Uqumaavu" {rF+ rC- Str+2 Dex+4 SInv}
                  | (You found it on level 3 of the Depths)
 52937 | Depths:3 | Found a one-way gate leading to the halls of Pandemonium.
 52946 | Depths:3 | Received a gift from Okawaru
 52953 | Depths:3 | Got a crude war axe {god gift}
 52954 | Depths:3 | Identified the +4 war axe "Isefuoh" {drain, rC- Str+4 Int+7
                  | Stlth-} (Okawaru gifted it to you on level 3 of the Depths)
 53569 | Depths:4 | Found a runed door.
 53569 | Depths:4 | Found a shimmering altar of Xom.
 53569 | Depths:4 | Noticed Davefid's ghost (adept OgWz)
 53594 | Depths:4 | Killed Davefid's ghost
 53629 | Depths:4 | Found a one-way gate to the infinite horrors of the Abyss.
 53707 | Depths:4 | Received a gift from Okawaru
 53731 | Depths:4 | Reached skill level 23 in Fighting
 53857 | Depths:4 | Reached XP level 27. HP: 246/258 MP: 37/37
 53940 | Depths:5 | Entered Level 5 of the Depths
 53970 | Depths:5 | Found a flickering gateway to a bazaar.
 54021 | Bazaar   | Entered a bazaar
 54025 | Bazaar   | Found Detyicuw's General Store.
 54035 | Bazaar   | Found Guewas's Gadget Boutique.
 54046 | Bazaar   | Found Ynup Xaph's Distillery.
 54054 | Bazaar   | Bought a potion of might for 32 gold pieces
 54054 | Bazaar   | Bought a potion of agility for 32 gold pieces
 54054 | Bazaar   | Bought a potion of mutation for 64 gold pieces
 54054 | Bazaar   | Bought a potion of might for 32 gold pieces
 54054 | Bazaar   | Bought a potion of haste for 80 gold pieces
 54054 | Bazaar   | Bought a potion of might for 32 gold pieces
 54054 | Bazaar   | Bought a potion of curing for 24 gold pieces
 54057 | Bazaar   | Found Anaask's Antique Weapon Shop.
 54062 | Bazaar   | Found Poboint's Antique Armour Shop.
 54095 | Depths:5 | Paralysed by a floating eye for 3 turns
 54166 | Depths:5 | Got a bloodstained morningstar
 54167 | Depths:5 | Identified the +7 morningstar of Imminent Death {venom,
                  | Dex+3} (You found it on level 5 of the Depths)
 54336 | Depths:5 | Found a gate to the Realm of Zot.
 54576 | Depths:5 | Found a bloodstained altar of Trog.
 54699 | Depths:5 | Identified the Catalogue of the Mountains and Orientation
 55103 | Zot:1    | Entered Level 1 of the Realm of Zot
 55692 | Vaults:5 | Entered Level 5 of the Vaults
 55697 | Vaults:5 | Reached skill level 5 in Fire Magic
 55722 | Vaults:5 | Noticed an ancient lich
 55725 | Vaults:5 | Received a gift from Okawaru
 55892 | Vaults:5 | Killed an ancient lich
 55916 | Vaults:5 | Reached skill level 10 in Invocations
 55918 | Vaults:5 | Noticed Boris
 55924 | Vaults:4 | Received a gift from Okawaru
 56019 | Vaults:5 | Received a gift from Okawaru
 56025 | Vaults:5 | Killed Boris
 56045 | Vaults:5 | Reached skill level 24 in Fighting
 56182 | Vaults:5 | Reached skill level 10 in Charms
 56222 | Vaults:5 | Received a gift from Okawaru
 56345 | Vaults:5 | Got an ancient amber ring
 56346 | Vaults:5 | Identified the ring "Xuorph" {rF+ Dex+3} (You took it off a
                  | yaktaur on level 5 of the Vaults)
 56475 | Vaults:5 | Received a gift from Okawaru
 56695 | Vaults:5 | Got a silver rune of Zot
 56945 | Vaults:5 | Identified the +5 plate armour of Lesser Demons {Str+2
                  | Int-4 Dex+4} (You found it on level 5 of the Vaults)
 56984 | Vaults:5 | Got a crude emerald amulet
 56985 | Vaults:5 | Identified the amulet of Dybaoxom {Spirit rPois Stlth+}
                  | (You acquired it on level 5 of the Vaults)
 56998 | Vaults:5 | Received a gift from Okawaru
 57737 | Temple   | Fell from the grace of Okawaru
 57737 | Temple   | Became a worshipper of the Shining One
 57976 | Crypt:1  | Entered Level 1 of the Crypt
 58088 | Crypt:1  | Reached * piety under the Shining One
 58134 | Crypt:1  | Reached ** piety under the Shining One
 58171 | Crypt:1  | Noticed a greater mummy
 58186 | Crypt:1  | Noticed Khufu
 58189 | Crypt:1  | Noticed a greater mummy
 58204 | Crypt:1  | Killed a greater mummy
 58727 | Crypt:1  | Noticed a greater mummy
 58749 | Crypt:1  | Killed a greater mummy
 58750 | Crypt:1  | Killed Khufu
 58768 | Crypt:1  | Killed a greater mummy
 59231 | Crypt:1  | Reached *** piety under the Shining One
 59415 | Crypt:1  | Reached **** piety under the Shining One
 59536 | Crypt:1  | Found a runed gate.
 59536 | Crypt:1  | Found a runed gate.
 59537 | Crypt:1  | Found a runed gate.
 59538 | Crypt:1  | Noticed Minirapa's ghost (master MiMo)
 59538 | Crypt:1  | Noticed Minirapa's ghost (master MiMo)
 59576 | Crypt:1  | Killed Minirapa's ghost
 59592 | Crypt:1  | Killed Minirapa's ghost
 59849 | Crypt:2  | Reached ***** piety under the Shining One
 60044 | Crypt:2  | Found a runed gate.
 60044 | Crypt:2  | Found a runed gate.
 60044 | Crypt:2  | Found a runed gate.
 60044 | Crypt:2  | Noticed Jadgheane's ghost (veteran HOBe)
 60044 | Crypt:2  | Noticed Soicynuxa's ghost (master MiMo)
 60045 | Crypt:2  | Noticed Jacwemet's ghost (master MiMo)
 60045 | Crypt:2  | Noticed Fugysk's ghost (master MiMo)
 60101 | Crypt:2  | Killed Fugysk's ghost
 60108 | Crypt:2  | Killed Jacwemet's ghost
 60120 | Crypt:2  | Killed Jadgheane's ghost
 60121 | Crypt:2  | Killed Soicynuxa's ghost
 60130 | Crypt:2  | Identified Sif Muna's Catalogue of Destructive
                  | Augmentations
 60148 | Crypt:2  | Got a vibrating steel ring
 60150 | Crypt:2  | Identified the ring "Qoqo" {*Contam rElec EV+3 Int+7} (You
                  | found it on level 2 of the Crypt)
 60570 | Crypt:2  | Reached skill level 25 in Fighting
 60909 | Crypt:3  | Entered Level 3 of the Crypt
 61217 | Crypt:3  | Reached ****** piety under the Shining One
 61300 | Crypt:3  | Got a fine platinum ring
 61300 | Crypt:3  | Got a fine bronze amulet
 61300 | Crypt:3  | Got a transparent platinum ring
 61353 | Crypt:3  | Identified the ring "Oraezeda" {rN+ Int+3 Slay+3} (You
                  | found it on level 3 of the Crypt)
 61354 | Crypt:3  | Identified the amulet "Bugiduv" {rElec rF+ rC+ Regen+
                  | Stlth+} (You found it on level 3 of the Crypt)
 61355 | Crypt:3  | Identified the ring "Kihos" {*Corrode rElec rN+ Slay+4}
                  | (You found it on level 3 of the Crypt)
 62054 | Crypt:3  | Found a staircase to the Tomb.
 62089 | Crypt:3  | Identified Kikubaaqudgha's Grimoire of Unholy Arts
 62098 | Crypt:3  | Got an ancient hand axe
 62099 | Crypt:3  | Identified the +1 hand axe of Vuthejue {chop, MP+9 Dex+4}
                  | (You found it on level 3 of the Crypt)
 62127 | Crypt:3  | Noticed an ancient lich
 62134 | Crypt:3  | Killed an ancient lich
 62160 | Crypt:3  | Learned a level 6 spell: Deflect Missiles
 62587 | Vaults:5 | Got a fine broad axe {god gift}
 62588 | Vaults:5 | Identified the +0 broad axe of Wariness {chop, Int+4 Dex+7}
                  | (Okawaru gifted it to you on level 5 of the Vaults)
 63046 | Elf:3    | Identified a +3 broad axe of holy wrath (a +1 broad axe of
                  | chopping blessed by the Shining One)
 63046 | Elf:3    | Received a gift from the Shining One
 63380 | Hell     | Entered the Vestibule of Hell
 63380 | Hell     | Noticed Geryon
 63403 | Hell     | Killed Geryon
 63403 | Hell     | Reached skill level 1 in Air Magic
 63625 | Hell     | Noticed Murray
 63654 | Hell     | Killed Murray
 63715 | Hell     | Found a gateway to the ashen valley of Gehenna.
 63868 | Hell     | Found a gateway to the decaying netherworld of Tartarus.
 64773 | Hell     | Found a gateway to the freezing wastes of Cocytus.
 64829 | Hell     | Found a gateway to the Iron City of Dis.
 64996 | Depths:4 | Voluntarily entered the Abyss.
 65006 | Abyss:1  | Identified the cursed +0 scale mail of the Orb Guardian
                  | {MP+9 Str+4 Dex-3} (You found it on level 1 of the Abyss)
 65276 | Abyss:2  | Found a corrupted altar of Lugonu.
 65490 | Abyss:3  | Found a corrupted altar of Lugonu.
 65539 | Abyss:5  | Entered Level 5 of the Abyss
 65562 | Abyss:5  | Identified a +2 pair of boots of running (You found it on
                  | level 5 of the Abyss)
 65591 | Abyss:5  | Found a snail-covered altar of Cheibriados.
 65736 | Abyss:5  | Gained mutation: Your body sometimes deteriorates upon
                  | taking damage. [a neqoxec]
 65740 | Abyss:5  | Gained mutation: Your magical capacity is low. (-10% MP) [a
                  | neqoxec]
 65937 | Abyss:5  | Found a corrupted altar of Lugonu.
 65957 | Abyss:5  | Got an abyssal rune of Zot
 65971 | Depths:4 | Escaped the Abyss
 65973 | Depths:4 | Lost mutation: You have sharp toenails. [potion of
                  | mutation]
 65973 | Depths:4 | Lost mutation: Your magical capacity is low. (-10% MP)
                  | [potion of mutation]
 65973 | Depths:4 | Gained mutation: You have a pair of small antennae on your
                  | head. [potion of mutation]
 65973 | Depths:4 | Gained mutation: You passively map a small area around you.
                  | [potion of mutation]
 66184 | Depths:4 | Found Xirphir's Book Shoppe.
 66345 | Pan      | Entered Pandemonium
 66399 | Pan      | Noticed Zeij Utadgh the pandemonium lord
 66422 | Pan      | Killed Zeij Utadgh the pandemonium lord
 66424 | Pan      | Reached skill level 26 in Fighting
 66538 | Pan      | Was forgiven by Okawaru
 66669 | Pan      | Gained mutation: Your body often deteriorates upon taking
                  | damage. [a neqoxec]
 66747 | Pan      | Identified the cursed +1 scale mail of the Land of Plenty
                  | {+Blink rN+ Dex+2} (You found it in Pandemonium)
 67500 | Pan      | Noticed Ydaagg the pandemonium lord
 67514 | Pan      | Killed Ydaagg the pandemonium lord
 67538 | Pan      | Gained mutation: You tend to lose your temper in combat. [a
                  | cacodemon]
 67550 | Pan      | Gained mutation: You are frail. (-10% HP) [a cacodemon]
 67634 | Pan      | Got a demonic rune of Zot
 67721 | Pan      | Reached skill level 5 in Air Magic
 67818 | Pan      | Noticed Gugorere the pandemonium lord
 67840 | Pan      | Killed Gugorere the pandemonium lord
 67848 | Pan      | Reached skill level 15 in Invocations
 68213 | Pan      | Found a runed door.
 68227 | Pan      | Found a runed door.
 68228 | Pan      | Found a runed door.
 68230 | Pan      | Noticed Fauluun the pandemonium lord
 68248 | Pan      | Killed Fauluun the pandemonium lord
 68262 | Pan      | Found a runed door.
 68767 | Pan      | Entered the realm of Mnoleg.
 68831 | Pan      | Gained mutation: You are dopey. (Int -2) [a cacodemon]
 68973 | Pan      | Gained mutation: Armour fits poorly on your strangely
                  | shaped body. [a neqoxec]
 69023 | Pan      | Identified the +4 scale mail of Uskayaw's Outrage {Str+3
                  | Int+4} (You found it in Pandemonium)
 69036 | Pan      | Identified the +7 chain mail of the Nightingale {Str+3
                  | Int+4} (You found it in Pandemonium)
 69232 | Pan      | Gained mutation: You are very dopey. (Int -4) [a neqoxec]
 69242 | Pan      | Lost mutation: You are very dopey. (Int -4) [a cacodemon]
 69263 | Pan      | Gained mutation: You are weak. (Str -2) [a neqoxec]
 69283 | Pan      | Noticed Mnoleg
 69302 | Pan      | Paralysed by a floating eye for 3 turns
 69443 | Pan      | Lost mutation: You are frail. (-10% HP) [a cacodemon]
 69651 | Pan      | Gained mutation: You have sharp toenails. [a cacodemon]
 69652 | Pan      | Gained mutation: Your magical capacity is low. (-10% MP) [a
                  | cacodemon]
 69725 | Pan      | Lost mutation: Armour fits poorly on your strangely shaped
                  | body. [Mnoleg's mutagenic touch]
 69738 | Pan      | Killed Mnoleg
 69740 | Pan      | Gained mutation: Your magical capacity is very low. (-20%
                  | MP) [a neqoxec]
 69760 | Pan      | Got a glowing rune of Zot
 69771 | Pan      | Lost mutation: You have sharp fingernails. [potion of
                  | mutation]
 69771 | Pan      | Lost mutation: Your body often deteriorates upon taking
                  | damage. [potion of mutation]
 69771 | Pan      | Lost mutation: You have a pair of small antennae on your
                  | head. [potion of mutation]
 69771 | Pan      | Lost mutation: You are dopey. (Int -2) [potion of mutation]
 69771 | Pan      | Lost mutation: You are weak. (Str -2) [potion of mutation]
 69772 | Pan      | Lost mutation: Your body sometimes deteriorates upon taking
                  | damage. [potion of mutation]
 69772 | Pan      | Lost mutation: Your magical capacity is very low. (-20% MP)
                  | [potion of mutation]
 69772 | Pan      | Gained mutation: You have a pair of small horns on your
                  | head. [potion of mutation]
 69772 | Pan      | Gained mutation: You have a somewhat thin skeletal
                  | structure. (Dex +2, Stealth) [potion of mutation]
 69957 | Pan      | Found an exit through the horrors of the Abyss.
 70255 | Pan      | Gained mutation: You are clumsy. (Dex -2) [a neqoxec]
 70474 | Pan      | Noticed Celoix the pandemonium lord
 70494 | Pan      | Cast into level 4 of the Abyss (Celoix)
 70556 | Pan      | Escaped the Abyss
 70562 | Pan      | Killed Celoix the pandemonium lord
 70808 | Pan      | Entered the realm of Gloorx Vloq.
 71052 | Pan      | Found an exit through the horrors of the Abyss.
 71354 | Pan      | Noticed Gloorx Vloq
 71366 | Pan      | HP: 12/271 [Executioner[Gloorx Vloq] (8)]
 71696 | Pan      | Killed Gloorx Vloq
 71713 | Pan      | Got a dark rune of Zot
 72043 | Pan      | Entered the realm of Cerebov.
 72174 | Pan      | Found an exit through the horrors of the Abyss.
 72533 | Pan      | Reached skill level 27 in Fighting
 72700 | Pan      | Noticed Cerebov
 72895 | Pan      | Killed from afar by Cerebov

Skill      XL: |  1  2  3  4  5  6  7  8  9 10 11 12 13 14 15 16 17 18 19 20 21 22 23 24 25 26 27 |
---------------+----------------------------------------------------------------------------------+-----
Fighting       | 3 4 5 6 7 8 9 11 13 14 15 16 17 18 19 20 21 22 23 27 | 27.0
Axes           | 5 7 9 12 13 14 15 16 17 18 19 20 21 22 | 22.7
Shields        | 1 2 3 4 5 7 8 10 11 13 14 15 16 17 18 19 20 21 25 | 25.5
Armour         | 1 2 3 4 5 6 7 8 9 10 12 13 14 15 16 20 | 20.3
Dodging        | 3 4 5 6 7 8 9 10 | 10.9
Maces & Flails | 2 4 5 |  5.9
Stealth        | 1 2 3 4 5 |  5.7
Evocations     | 1 3 4 |  4.9
Invocations    | 2 4 5 6 7 8 9 17 | 17.8
Throwing       | 2 3 4 5 |  5.7
Conjurations   | 1 |  1.4
Spellcasting   | 1 3 4 5 6 7 8 9 10 14 | 14.0
Necromancy     | 2 4 5 6 7 8 |  8.8
Polearms       | 6 8 |  8.9
Charms         | 1 2 4 5 6 7 8 13 | 13.6
Translocations | 1 3 5 6 |  6.7
Fire Magic     | 1 9 |  9.2
Air Magic      | 8 |  8.1

Action                   |  1- 3 |  4- 6 |  7- 9 | 10-12 | 13-15 | 16-18 | 19-21 | 22-24 | 25-27 || total
-------------------------+-------+-------+-------+-------+-------+-------+-------+-------+-------++-------
Melee: War axe           |   133 |   185 |   250 |   461 |  1252 |   840 |   356 |       |       ||  3477
       Flail             |       |       |    55 |       |       |       |       |       |       ||    55
       Hand axe          |       |       |       |       |     8 |       |       |       |       ||     8
       Punch             |       |       |       |       |     2 |       |       |       |       ||     2
       Trident           |       |       |       |       |       |   788 |    30 |       |       ||   818
       Broad axe         |       |       |       |       |       |       |   975 |   886 |  4262 ||  6123
       Shillelagh        |       |       |       |       |       |       |    61 |    11 |    62 ||   134
       Headbutt          |       |       |       |       |       |       |       |       |   165 ||   165
Throw: Throwing net      |       |       |     2 |       |       |       |       |       |       ||     2
       Tomahawk          |       |       |       |    14 |       |     1 |       |       |       ||    15
       Javelin           |       |       |       |     7 |    36 |    61 |    53 |    20 |    28 ||   205
 Cast: Flame Tongue      |       |       |       |       |     6 |       |     4 |       |       ||    10
       Regeneration      |       |       |       |       |       |    83 |    88 |    30 |    70 ||   271
       Song of Slaying   |       |       |       |       |       |       |    23 |    28 |    35 ||    86
       Blink             |       |       |       |       |       |       |     1 |       |    13 ||    14
       Shroud of Golubri |       |       |       |       |       |       |       |       |    14 ||    14
Invok: Heroism           |       |       |     2 |    18 |    50 |    46 |    26 |    10 |    21 ||   173
       Finesse           |       |       |       |       |     2 |     3 |     5 |     1 |    10 ||    21
       Cleansing Flame   |       |       |       |       |       |       |       |       |    62 ||    62
       Summon Divine War |       |       |       |       |       |       |       |       |     7 ||     7
       Divine Shield     |       |       |       |       |       |       |       |       |     2 ||     2
       Brand Weapon With |       |       |       |       |       |       |       |       |     1 ||     1
 Abil: Evoke Flight      |       |       |       |       |       |     2 |    12 |       |       ||    14
Evoke: Wand              |       |       |     7 |     4 |     5 |     3 |     1 |     2 |     4 ||    26
  Use: Scroll            |       |       |    17 |     6 |    11 |    16 |    17 |     8 |    39 ||   114
       Potion            |       |       |     2 |     7 |    10 |     2 |     3 |     2 |    27 ||    53
 Stab: Sleeping          |     1 |       |       |     4 |     8 |     4 |     3 |       |       ||    20
       Invisible         |       |       |     4 |       |     2 |       |       |       |       ||     6
       Held in net/web   |       |       |     2 |       |       |       |       |       |       ||     2
       Distracted        |       |       |       |       |     1 |       |     2 |       |     5 ||     8
       Paralysed         |       |       |       |       |     1 |       |       |       |       ||     1
  Eat: Chunk             |     1 |     6 |    13 |    14 |    33 |    25 |    39 |    15 |    36 ||   182
       Ration            |       |       |       |       |       |     8 |     2 |     1 |    18 ||    29
Armor: Leather armour    |    15 |       |       |       |    20 |       |       |       |       ||    35
       Scale mail        |    45 |    80 |    68 |       |    71 |   172 |   123 |       |       ||   559
       Troll leather arm |       |       |    28 |    81 |   116 |       |       |       |       ||   225
       Plate armour      |       |       |       |       |       |       |    79 |   156 |    38 ||   273
       Crystal plate arm |       |       |       |       |       |       |       |       |  1111 ||  1111
Dodge: Dodged            |    61 |    88 |   117 |   186 |   630 |   519 |   348 |   174 |  1110 ||  3233
       Deflected         |       |       |       |       |     9 |    51 |       |       |       ||    60
Block: Large shield      |    54 |    20 |       |       |       |       |       |       |  2278 ||  2352
       Buckler           |       |    20 |       |       |    35 |       |       |       |       ||    55
       Shield            |       |    15 |   173 |   239 |   798 |  1411 |  1053 |   615 |  1931 ||  6235
       Reflection        |       |       |       |       |       |   167 |   127 |    77 |   146 ||   517
